 Dungeon Crawl Stone Soup version 0.27-a0-1144-g0b7d3b79db (webtiles) character file.

Game seed: 16094219100026766067

8866 mhtbhm the Eclecticist (level 11, -3/54 HPs)
             Began as a Deep Elf Earth Elementalist on May 9, 2021.
             Was a Believer of Vehumet.
             Slain by a catoblepas (9 damage)
             ... while petrified by a catoblepas
             ... on level 10 of the Dungeon on May 10, 2021.
             The game lasted 00:25:13 (15998 turns).

mhtbhm the Eclecticist (DEEE)                      Turns: 15998, Time: 00:25:14

Health: -3/54      AC:  8    Str:  5    XL:     11   Next: 15%
Magic:  10/32      EV:  2    Int: 24    God:    Vehumet [**....]
Gold:   269        SH:  0    Dex: 15    Spells: 25/40 levels left

rFire    + + .     SeeInvis .   h - +0 short sword (elec)
rCold    . . .     Faith    .   (no shield)
rNeg     + + +     Spirit   .   c - +1 robe {rF+}
rPois    ∞         Reflect  .   (no helmet)
rElec    .         Harm     .   F - +0 cloak of Starshine {rF+ rN+}
rCorr    .         Rampage  .   (no gloves)
Will     +....                  (no boots)
Stlth    +++.......             (no amulet)
HPRegen  0.18/turn              g - ring of wizardry
MPRegen  0.23/turn              q - +4 ring of protection

@: petrified, studying Crossbows
A: no striking features
a: Renounce Religion


You were on level 10 of the Dungeon.
You worshipped Vehumet.
Vehumet was pleased with you.
You visited 3 branches of the dungeon, and saw 12 of its levels.

You collected 461 gold pieces.
You spent 192 gold pieces at shops.

Inventory:

Hand Weapons
 h - a +0 short sword of electrocution (weapon)
Missiles
 b - 76 stones
 l - a throwing net
 p - 9 curare-tipped darts (quivered)
Armour
 c - a +1 robe of fire resistance (worn)
 F - the +0 cloak of Starshine (worn) {rF+ rN+}
   (You found it on level 8 of the Dungeon)

   It protects you from fire.
   It protects you from negative energy.
Jewellery
 a - a ring of magical power
 f - a ring of positive energy
 g - a ring of wizardry (left hand)
 o - a ring of protection from cold
 q - a +4 ring of protection (right hand)
 C - a ring of see invisible
Wands
 i - a wand of mindburst (9)
 n - a wand of paralysis (18)
 D - a wand of charming (4)
 I - a wand of polymorph (7)
Scrolls
 d - 5 scrolls of magic mapping
 r - a scroll of enchant armour
 s - a scroll of vulnerability {unknown}
 y - 3 scrolls of fear {unknown}
 B - a scroll of enchant weapon {unknown}
 E - a scroll of amnesia {unknown}
Potions
 e - a potion of cancellation
 k - 2 potions of heal wounds
 m - 3 potions of curing
 t - a potion of haste
 u - a potion of invisibility {unknown}
 v - 5 potions of brilliance {unknown}
 w - a potion of berserk rage {unknown}
 x - 5 potions of lignification {unknown}
 z - a potion of mutation {unknown}
 A - 2 potions of attraction {unknown}
 G - a potion of degeneration {unknown}
Miscellaneous
 j - a piece from Xom's chessboard (15/15)


   Skills:
 + Level 0.2 Fighting
 + Level 0.2 Short Blades
 + Level 3.7 Dodging
 + Level 5.3 Stealth
 + Level 15.1 Spellcasting
 + Level 3.5 Conjurations
 + Level 1.1 Transmutations
 + Level 12.2 Earth Magic
 + Level 1.4 Evocations


You had 25 spell levels left.
You knew the following spells:

 Your Spells              Type           Power      Damage    Failure   Level
a - Sandblast             Erth           100%       2d20      0%          1
b - Passwall              Tmut/Erth      41%        N/A       1%          2
c - Stone Arrow           Conj/Erth      100%       3d13      1%          3
d - Lee's Rapid Deconstr  Erth           33%        3d18*     1%          5
e - Petrify               Tmut/Erth      50%        N/A       1%          4

Your spell library contained the following spells:

 Spells                   Type           Power      Damage    Failure   Level
 Freeze                   Ice            72%        1d9       1%          1


Dungeon Overview and Level Annotations

Branches:
Dungeon (10/15)            Temple (1/1) D:7            Lair (1/6) D:8
    Orc: D:9-12

Altars:
Ashenzari
Cheibriados
Gozag
Hepliaklqana
Kikubaaqudgha
Okawaru
Qazlal
Ru
Sif Muna
Trog
Vehumet
Xom
Yredelemnul
The Shining One

Shops:
D:3 (   D:5 *   D:6 ?   D:7 !

Portals:
Trove: D:10 (give +3 ice dragon scales)

Annotations:
D:6 2 transporters, 1 runed translucent door, bande's ghost, novice GrFi


Message History

The blast of rock fragments hits the catoblepas!!!
The catoblepas is severely wounded.
You are engulfed in calcifying dust.
You are slowing down.
The catoblepas gores you.
Unknown command.
Unknown command.
Casting: Lee's Rapid Deconstruction (dangerous; 1% risk of failure)
Confirm with . or Enter, or press ? or * to list all spells.
Aiming: Lee's Rapid Deconstruction (dangerous; 1% risk of failure)
Press: ? - help, Dir - move target A rock wall.
The wall shatters!
The blast of rock fragments hits the catoblepas!
The catoblepas is severely wounded.
The catoblepas breathes a plume of calcifying dust at you.
The blast of calcifying dust hits you. The catoblepas gores you!!
* * * LOW HITPOINT WARNING * * *
Your limbs are stiffening.
Unknown command.
Casting: Lee's Rapid Deconstruction (dangerous; 1% risk of failure)
Confirm with . or Enter, or press ? or * to list all spells.
Aiming: Lee's Rapid Deconstruction (dangerous; 1% risk of failure)
Press: ? - help, Dir - move target A rock wall.
The wall shatters!
The blast of rock fragments hits the catoblepas!
The catoblepas is almost dead.
You are engulfed in calcifying dust.
Your limbs have turned to stone.
The catoblepas breathes a plume of calcifying dust at you.
The blast of calcifying dust hits you.
You have turned to stone.
You are engulfed in calcifying dust.
The catoblepas breathes a plume of calcifying dust at you.
The blast of calcifying dust hits you but does no damage.
You are engulfed in calcifying dust.
The catoblepas breathes a plume of calcifying dust at you.
The blast of calcifying dust hits you.
* * * LOW HITPOINT WARNING * * *
You are engulfed in calcifying dust.
The catoblepas gores you!!
You die...

############# #............ #####
#............ ....# #............
..#.###### #...........>
...§§§...# #............
.#######.# #......<<.>..
.#.#.#.#.############............
.#^^^^^#.......Y@§.§.§...........
.#########..#########............
.')Y...'.#..# #.......<....
.#########..# ###########.#
.#^^^^^#....# #.# )#.#.#.#....#
#.# .#######.#### ##########'#
.........# #...8.......
.Y#.###### #..8.8......


You could see a catoblepas.

Vanquished Creatures
  A two-headed ogre (D:10)
  Joseph (D:9)
  A cane toad (Lair:1)
  A yaktaur (D:10)
  An efreet (D:10)
  A freezing wraith (D:10)
  2 komodo dragons (Lair:1)
  Psyche (D:9)
  A troll (D:10)
  3 shadows
  2 wraiths (D:9)
  5 yaks
  A wyvern (D:7)
  A steam dragon (D:8)
  A water moccasin (D:8)
  An acid dragon (D:9)
  2 orc warriors
  2 sky beasts
  An ice beast (D:7)
  2 black bears
  6 ogres
  A centaur (D:9)
  2 kobold brigands (D:10)
  Blork the orc (D:5)
  A bullfrog (D:8)
  A water moccasin zombie (D:6)
  2 scorpions (D:4)
  2 water moccasin skeletons
  A wyvern skeleton (D:7)
  9 killer bees (D:9)
  16 wights
  3 centaur zombies
  A bullfrog zombie (D:6)
  2 jellies
  5 orc priests
  4 hounds
  4 iguanas
  9 orc wizards
  A hound zombie (D:5)
  3 hound skeletons
  3 adders
  2 gnolls
  A howler monkey skeleton (D:6)
  2 white imps
  3 dart slugs
  30 orcs
  5 bats
  12 endoplasms
  2 giant cockroaches
  4 hobgoblins
  8 jackals
  5 quokkas
  9 ball pythons
  A frilled lizard (D:2)
  15 goblins
  13 kobolds
  3 rats
  A spectral orc (D:10)
224 creatures vanquished.

Vanquished Creatures (others)
  A wizard (D:9)
  9 fungi (Lair:1)
  A plant (Lair:1)
11 creatures vanquished.

Grand Total: 235 creatures vanquished

Notes
Turn   | Place    | Note
-------+----------+-------------------------------------------
     0 | D:1      | mhtbhm the Deep Elf Earth Elementalist began the quest for
                  | the Orb.
     0 | D:1      | Reached XP level 1. HP: 10/10 MP: 6/6
   181 | D:1      | Reached XP level 2. HP: 15/15 MP: 8/8
   658 | D:1      | Learned a level 2 spell: Passwall
  1175 | D:2      | Reached XP level 3. HP: 19/19 MP: 10/10
  1179 | D:2      | Learned a level 3 spell: Stone Arrow
  1337 | D:2      | Reached skill level 4 in Spellcasting
  2101 | D:2      | Reached XP level 4. HP: 24/24 MP: 12/12
  2533 | D:3      | Found Ubryla's Weapon Shop.
  3353 | D:4      | Noticed an ogre
  3416 | D:4      | Killed an ogre
  3417 | D:4      | Reached skill level 5 in Spellcasting
  3417 | D:4      | Reached skill level 5 in Earth Magic
  3417 | D:4      | Reached XP level 5. HP: 28/28 MP: 14/14
  3576 | D:4      | Reached skill level 6 in Spellcasting
  3721 | D:4      | Reached XP level 6. HP: 27/32 MP: 17/17
  3727 | D:4      | Learned a level 5 spell: Lee's Rapid Deconstruction
  3732 | D:4      | Learned a level 4 spell: Petrify
  4011 | D:4      | Found a hazy altar of Hepliaklqana.
  4131 | D:4      | Noticed a shadow
  4140 | D:4      | Killed a shadow
  4141 | D:4      | Reached skill level 7 in Spellcasting
  4862 | D:4      | Reached XP level 7. HP: 36/36 MP: 17/19
  4957 | D:4      | Reached skill level 8 in Spellcasting
  5287 | D:5      | Entered Level 5 of the Dungeon
  5436 | D:5      | Reached skill level 1 in Conjurations
  5633 | D:5      | Found Japlier's Assorted Antiques.
  6158 | D:5      | Reached skill level 9 in Spellcasting
  6158 | D:5      | Reached XP level 8. HP: 41/41 MP: 12/23
  6503 | D:5      | Noticed Blork the orc
  6507 | D:5      | Killed Blork the orc
  6542 | D:5      | Found a shimmering blue altar of Sif Muna.
  6880 | D:6      | Found a transporter.
  6883 | D:6      | Found a runed translucent door.
  6884 | D:6      | Found a shimmering altar of Xom.
  6884 | D:6      | Noticed bande's ghost (novice GrFi)
  6884 | D:6      | Noticed a +0 mace of chaos
  6902 | D:6      | Reached skill level 10 in Spellcasting
  7055 | D:6      | Found a stormy altar of Qazlal.
  7061 | D:6      | Found an opulent altar of Gozag.
  7066 | D:6      | Found an ancient bone altar of Kikubaaqudgha.
  7110 | D:6      | Found a transporter.
  7232 | D:6      | Found Upto's Magic Scroll Emporium.
  7236 | D:6      | Bought a scroll of identify for 26 gold pieces
  7237 | D:6      | Bought a scroll of identify for 26 gold pieces
  7237 | D:6      | Bought a scroll of identify for 26 gold pieces
  7237 | D:6      | Bought a scroll of identify for 26 gold pieces
  7507 | D:6      | Found a broken altar of Ashenzari.
  8155 | D:6      | Reached skill level 11 in Spellcasting
  8441 | D:7      | Reached XP level 9. HP: 45/45 MP: 15/26
  8990 | D:7      | Found a staircase to the Ecumenical Temple.
  9006 | D:7      | Found Cesir's Distillery.
  9044 | Temple   | Entered the Ecumenical Temple
  9083 | Temple   | Became a worshipper of Vehumet
  9656 | D:7      | Found a glowing golden altar of the Shining One.
  9704 | D:7      | Bought a potion of curing for 33 gold pieces
  9704 | D:7      | Bought a potion of heal wounds for 55 gold pieces
  9945 | D:8      | Found a snail-covered altar of Cheibriados.
  9950 | D:8      | Reached skill level 12 in Spellcasting
 10164 | D:8      | Found a sacrificial altar of Ru.
 10548 | D:8      | Reached * piety under Vehumet
 10548 | D:8      | Offered knowledge of Magic Dart by Vehumet.
 10807 | D:8      | Identified the +0 cloak of Starshine {rF+ rN+}
 11127 | D:8      | Found a staircase to the Lair.
 11169 | Lair:1   | Entered Level 1 of the Lair of Beasts
 11169 | Lair:1   | Noticed a cane toad
 11174 | Lair:1   | Killed a cane toad
 11175 | Lair:1   | Reached skill level 13 in Spellcasting
 11175 | Lair:1   | Reached skill level 10 in Earth Magic
 11310 | Lair:1   | Noticed a komodo dragon
 11314 | Lair:1   | Killed a komodo dragon
 11315 | Lair:1   | Reached XP level 10. HP: 50/50 MP: 20/29
 11658 | D:9      | Noticed Joseph
 11664 | D:9      | Killed Joseph
 12105 | D:10     | Entered Level 10 of the Dungeon
 12578 | D:9      | Noticed Psyche
 12582 | D:9      | Killed Psyche
 12939 | D:9      | Reached skill level 14 in Spellcasting
 13295 | D:9      | Reached ** piety under Vehumet
 13295 | D:9      | Offered knowledge of Freeze by Vehumet.
 13408 | D:9      | Found a bloodstained altar of Trog.
 13619 | D:9      | Upgraded the game from 0.27-a0-1140-g099f9bb0e8 to
                  | 0.27-a0-1144-g0b7d3b79db
 13826 | D:9      | Noticed a wizard
 13829 | D:9      | Killed a wizard
 13911 | D:10     | Found a portal to a secret trove of treasure.
 14336 | D:10     | Reached skill level 5 in Stealth
 14400 | D:10     | Noticed a catoblepas
 14987 | D:10     | Reached XP level 11. HP: 54/54 MP: 17/31
 14992 | D:10     | Reached skill level 15 in Spellcasting
 15436 | D:10     | Noticed a two-headed ogre
 15443 | D:10     | Reached skill level 1 in Evocations
 15445 | D:10     | Killed a two-headed ogre
 15745 | D:10     | Found a basalt altar of Yredelemnul.
 15998 | D:10     | Slain by a catoblepas

Illustrated notes

Levels and vault maps discovered:
D:1:      elethiomel_arrival_maze, layout_basic, serial_glass, glass_columns_c,
          glass_columns_c
D:2:      layout_loops_ring, minmay_goblin_outpost
D:3:      layout_basic, serial_shops, nicolae_shop_statue_plus, chequers_garden
D:4:      layout_layer_cave, nzn_hepliaklqana_mist_gate, minivault_4
D:5:      layout_gridville, tgw_sif, serial_shops, shop
D:6:      gammafunk_steamed_eel, layout_loops_ring, cheibrodos_ashenzari_chains,
          minmay_overflow_temple_star_quad, serial_shops, kennysheep_mini_moat,
          ebering_ghost_xom, minmay_manual_mullet
D:7:      layout_rooms, tso_altar, minmay_temple_entry_large_hall, serial_shops,
          kennysheep_mini
D:8:      layout_basic, nicolae_ru_the_path_less_chosen, kennysheep_slug_shrine,
          dpeg_oklobed_lair
D:9:      layout_irregular_city, trog_wizard, uniq_joseph, uniq_psyche
D:10:     layout_roguey, yredelemnul_forgotten_temple_becter, enter_trove_2,
          grunt_tough_drop
Temple:   minmay_temple_curvy_loop
Lair:1:   lemuel_slime, layout_layer_cave, st_stairs_4, uniq_grum

Skill      XL: |  1  2  3  4  5  6  7  8  9 10 11 |
---------------+----------------------------------+-----
Earth Magic    | 4 5 6 7 8 10 12 | 12.2
Spellcasting   | 4 5 6 7 9 11 13 14 15 | 15.1
Stealth        | 3 4 5 |  5.3
Conjurations   | 1 2 3 |  3.5
Dodging        | 3 |  3.7
Evocations     | 1 |  1.4
Fighting       | |  0.2
Short Blades   | |  0.2
Transmutations | |  1.1

Action                   |  1- 3 |  4- 6 |  7- 9 | 10-12 || total
-------------------------+-------+-------+-------+-------++-------
Melee: Dagger            |     1 |     1 |     9 |       ||    11
 Cast: Sandblast         |    40 |    55 |    21 |     5 ||   121
       Stone Arrow       |    10 |    11 |    62 |    12 ||    95
       Lee's Rapid Decon |       |     2 |    47 |    85 ||   134
       Petrify           |       |       |       |     1 ||     1
Evoke: Wand              |       |       |       |     4 ||     4
  Use: Scroll            |       |     2 |     7 |     3 ||    12
Armor: Robe              |     5 |     3 |     6 |     7 ||    21
Dodge: Dodged            |    10 |     5 |    21 |    11 ||    47

Table legend: (Time is in decaauts)
 A = Elapsed time spent in this place.
 B = Non-inter-level travel time spent in this place.
 C = Inter-level travel time spent in this place.
 D = Time resting spent in this place.
 E = Time spent auto-exploring this place.
 F = Levels seen in this place.
 G = Mean time per level.
                   A        B        C        D        E       F      G
               +--------+--------+--------+--------+--------+-----+--------+
         Total |  16057 |  15891 |    166 |   7602 |   6340 |  12 | 1338.1 |
       Dungeon |  15794 |  15628 |    166 |   7446 |   6314 |  10 | 1579.4 |
        Temple |     55 |     55 |      0 |      0 |     26 |   1 |   55.0 |
          Lair |    206 |    206 |      0 |    156 |      0 |   1 |  206.0 |
               +--------+--------+--------+--------+--------+-----+--------+

Top non-repeatable levels by time:
     D:9: 2201 daAuts
    D:10: 2174 daAuts
     D:4: 1880 daAuts
     D:6: 1821 daAuts
     D:8: 1708 daAuts
     D:5: 1321 daAuts
     D:7: 1282 daAuts
     D:3: 1185 daAuts
     D:1: 1151 daAuts
     D:2: 1067 daAuts
  Lair:1: 206 daAuts
  Temple: 55 daAuts
